Connexion

Thunderbirds vs Checkers

Created - 6 janvier 2024 at 07:05

Goals
1 2 3 T
Thunderbirds 0 0 2 2
Checkers 1 1 1 3
Shots
1 2 3 T
Thunderbirds 8 18 8 34
Checkers 6 11 8 25

GoalsPenalties
1st period
1. Checkers , Troy Stecher 9 (Jackson Blake 23, Richards Bukarts 5) at 11:22
Jackson Blake (CHA) for Tripping (Minor) at 5:11
Alex Peters (SPR) for High sticking (Minor) at 19:19
2nd period
2. Checkers , Andy Andreoff 22 (Michael Vukojevic 16, Joshua Ho-Sang 26) at 6:51
Troy Stecher (CHA) for Cross-checking (Minor) at 6:58
Michael Vukojevic (CHA) for Holding (Minor) at 14:23
3rd period
3. Thunderbirds , Stefan Noesen 20 (Paul Stastny 38, C.J. Smith 37) at 2:42
4. Thunderbirds , Logan O'Connor 15 (Alex Peters 18, Nolan Vesey 6) at 7:59
5. Checkers , Vinni Lettieri 24 (Joshua Ho-Sang 27, Troy Stecher 38) at 15:43 (PP)
Michael Vukojevic (CHA) for Roughing (Minor) at 9:45
Ryan Lomberg (SPR) for Tripping (Minor) at 15:25
Goalie Stats
Hunter Miska (SPR), 22 saves from 25 shots - (0,880), L, 11-14-1, 59:00 minutes
Jake Kielly (CHA), 32 saves from 34 shots - (0,941), W, 25-22-8, 60:00 minutes
3 StarsOfficial
1 - Joshua Ho-Sang (CHA)
2 - Andy Andreoff (CHA)
3 - Jake Kielly (CHA)
Referees : Dan O'Halloran and Ian Walsh
Linesman : Dan Schachte and Pierre Racicot
Game Note
No Game Note
Finance
Level 1 -- Attendance: 1284 (64,20%) -- Ticket Income $57,780
Level 2 -- Attendance: 598 (59,80%) -- Ticket Income $14,950
Total Attendance: 1882 (62,73%)
Total Ticket Income: $72,730
Other Income: $14,546
Total Income: $87,276



Team Name Goals Shots Shots Attemp Shots Blocked PIM HIT PP PK FO%
Thunderbirds 23463154240 / 4 (0%)154%
Checkers 32563108231 / 2 (50%)046%

Thunderbirds
Player Name POS G A P +/- PIM HIT SHT SB MP PP MP PP SHT PK MP PK SHT FO% FOT
Aaron HarstadD0001023021:214:1511:2100% 0
Alex BelzileC/RW0000005120:293:4200:3000% 0
Alex PetersD0111201319:594:1510:0000% 0
Austin PoganskiRW000000104:250:0000:000100% 1
C.J. SmithLW0110014019:444:1430:00050% 2
Chris WidemanD0001040323:473:4100:5600% 0
Keegan KanzigD000-2000216:310:0001:3900% 0
Libor SulakD0001011123:153:2700:3810% 0
Logan O'ConnorRW1010012013:350:0000:0000% 0
Lucas ElvenesC000000001:110:0000:0000% 0
Michael ChaputC/LW0000012113:350:0000:00072% 18
Noel AcciariC/RW0000003020:293:4200:30038% 26
Nolan VeseyLW/RW0110011013:350:0000:0000% 1
Paul StastnyC0110003224:454:1411:47164% 22
Ryan LombergLW0000283119:583:4210:00020% 5
Sergei BoikovD000-2011115:060:1400:0000% 0
Stefan NoesenRW1010024021:314:1421:470100% 1
Stelio MattheosC/RW000002004:250:0000:00050% 4
Checkers
Player Name POS G A P +/- PIM HIT SHT SB MP PP MP PP SHT PK MP PK SHT FO% FOT
Aarne TalvitieC0000010112:580:0000:00040% 20
Aidan HreschukD000-1040218:360:0002:5600% 0
Andy AndreoffC/LW1011013016:230:5000:0300% 0
Brett SutterC/LW000-1011015:581:2700:0000% 0
Demetrios KoumontzisD000-1010015:430:0000:0300% 0
Dylan PetersonC000001007:380:0000:50020% 5
Jackson BlakeRW0110231112:570:0000:0000% 1
Jaynen RisslingD0001001120:591:2703:5600% 0
Joshua Ho-SangRW0221013118:500:5002:30033% 6
Ludwig PerssonLW000000106:480:0000:000100% 1
Max CrozierD0000030023:400:5004:1900% 0
Michael VukojevicD0111442018:221:2701:2100% 0
Petrus PalmuRW000000116:480:0000:0000% 0
Reese JohnsonC000-1022120:491:2704:51042% 19
Richards BukartsLW0110001012:580:0000:000100% 1
Riley BarberRW000-1003018:281:2702:3000% 0
Troy StecherD1120213122:370:5013:1700% 0
Vinni LettieriC1011003121:280:5015:08059% 27



Play-by-Play

1st period


0:01 of 1st period - Paul Stastny wins face-off versus Vinni Lettieri in neutral zone.
1:15 of 1st period - Off-side.
1:16 of 1st period - Noel Acciari wins face-off versus Aarne Talvitie in neutral zone.
1:20 of 1st period - Icing by Aidan Hreschuk.
1:21 of 1st period - Noel Acciari wins face-off versus Aarne Talvitie in Checkers zone.
1:38 of 1st period - Shot by Ryan Lomberg.
1:38 of 1st period - Deflect By Noel Acciari.
1:38 of 1st period - Stopped by Jake Kielly with a rebound.
1:41 of 1st period - Icing by Aidan Hreschuk.
1:42 of 1st period - Michael Chaput wins face-off versus Jackson Blake in Checkers zone.
1:45 of 1st period - Shot by Logan O'Connor.
1:45 of 1st period - Shot Blocked by Jackson Blake.
2:18 of 1st period - Shot by Sergei Boikov.
2:18 of 1st period - Stopped by Jake Kielly without a rebound.
2:19 of 1st period - Reese Johnson wins face-off versus Noel Acciari in Checkers zone.
2:32 of 1st period - Shot by Jaynen Rissling.
2:32 of 1st period - Shot Blocked by Alex Belzile.
2:50 of 1st period - Shot by Riley Barber.
2:50 of 1st period - Stopped by Hunter Miska with a rebound.
2:52 of 1st period - Shot by Reese Johnson.
2:52 of 1st period - Shot Misses the Net.
2:54 of 1st period - Shot by Michael Vukojevic.
2:54 of 1st period - Stopped by Hunter Miska with a rebound.
2:56 of 1st period - Shot by Michael Vukojevic.
2:56 of 1st period - Stopped by Hunter Miska without a rebound.
2:57 of 1st period - Austin Poganski wins face-off versus Vinni Lettieri in Thunderbirds zone.
3:17 of 1st period - Shot by Joshua Ho-Sang.
3:17 of 1st period - Shot Misses the Net.
4:11 of 1st period - Petrus Palmu is hit by Stelio Mattheos and loses puck.
4:17 of 1st period - Off-side.
4:18 of 1st period - Michael Chaput wins face-off versus Reese Johnson in neutral zone.
4:30 of 1st period - Nolan Vesey is hit by Michael Vukojevic and loses puck.
4:35 of 1st period - Shot by Logan O'Connor.
4:35 of 1st period - Shot Blocked by Reese Johnson.
4:46 of 1st period - Icing by Michael Chaput.
4:47 of 1st period - Michael Chaput wins face-off versus Aarne Talvitie in Thunderbirds zone.
4:47 of 1st period - Nolan Vesey is hit by Jackson Blake and loses puck.
5:11 of 1st period - Minor Penalty to Jackson Blake for Tripping.
5:12 of 1st period - Noel Acciari wins face-off versus Vinni Lettieri in Checkers zone.
5:13 of 1st period - Shot by Aaron Harstad.
5:13 of 1st period - Shot Misses the Net.
5:15 of 1st period - Shot by Alex Peters.
5:15 of 1st period - Shot Misses the Net.
5:17 of 1st period - Shot by Ryan Lomberg.
5:17 of 1st period - Stopped by Jake Kielly without a rebound.
5:18 of 1st period - Vinni Lettieri wins face-off versus Noel Acciari in Checkers zone.
5:46 of 1st period - Icing by Aaron Harstad.
5:47 of 1st period - Ryan Lomberg wins face-off versus Joshua Ho-Sang in Thunderbirds zone.
6:35 of 1st period - Off-side.
6:36 of 1st period - Vinni Lettieri wins face-off versus Paul Stastny in neutral zone.
6:51 of 1st period - Shot by Stefan Noesen.
6:51 of 1st period - Stopped by Jake Kielly with a rebound.
7:15 of 1st period - Shot by Logan O'Connor.
7:15 of 1st period - Deflect By Michael Chaput.
7:15 of 1st period - Shot Misses the Net.
7:36 of 1st period - Icing by Aidan Hreschuk.
7:37 of 1st period - Aarne Talvitie wins face-off versus Noel Acciari in Checkers zone.
7:58 of 1st period - Icing by Ryan Lomberg.
7:59 of 1st period - Noel Acciari wins face-off versus Vinni Lettieri in Thunderbirds zone.
8:10 of 1st period - Shot by Alex Belzile.
8:10 of 1st period - Shot Misses the Net.
8:52 of 1st period - Shot by Stefan Noesen.
8:52 of 1st period - Shot Misses the Net.
9:21 of 1st period - Riley Barber is hit by C.J. Smith and loses puck.
9:27 of 1st period - Off-side.
9:28 of 1st period - Michael Chaput wins face-off versus Dylan Peterson in neutral zone.
10:22 of 1st period - Shot by Joshua Ho-Sang.
10:22 of 1st period - Deflect By Vinni Lettieri.
10:22 of 1st period - Stopped by Hunter Miska with a rebound.
11:20 of 1st period - Shot by Richards Bukarts.
11:20 of 1st period - Deflect By Jackson Blake.
11:20 of 1st period - Shot Misses the Net.
11:22 of 1st period - Shot by Troy Stecher.
11:22 of 1st period - Goal by Troy Stecher - Thunderbirds : 0 - Checkers : 1.
11:23 of 1st period - Reese Johnson wins face-off versus Paul Stastny in neutral zone.
11:32 of 1st period - Shot by Stefan Noesen.
11:32 of 1st period - Deflect By Paul Stastny.
11:32 of 1st period - Shot Misses the Net.
11:37 of 1st period - Paul Stastny is hit by Demetrios Koumontzis and loses puck.
11:42 of 1st period - Shot by C.J. Smith.
11:42 of 1st period - Shot Misses the Net.
12:13 of 1st period - C.J. Smith is hit by Michael Vukojevic and loses puck.
12:46 of 1st period - Icing by Alex Belzile.
12:47 of 1st period - Vinni Lettieri wins face-off versus Noel Acciari in Thunderbirds zone.
12:47 of 1st period - Joshua Ho-Sang is hit by Aaron Harstad and loses puck.
13:08 of 1st period - Shot by Noel Acciari.
13:08 of 1st period - Stopped by Jake Kielly without a rebound.
13:09 of 1st period - Reese Johnson wins face-off versus Stelio Mattheos in Checkers zone.
13:28 of 1st period - Reese Johnson is hit by Stelio Mattheos and loses puck.
15:01 of 1st period - Icing by Michael Vukojevic.
15:02 of 1st period - Noel Acciari wins face-off versus Aarne Talvitie in Checkers zone.
15:19 of 1st period - Off-side.
15:20 of 1st period - Reese Johnson wins face-off versus Stelio Mattheos in neutral zone.
15:37 of 1st period - Shot by Austin Poganski.
15:37 of 1st period - Stopped by Jake Kielly with a rebound.
15:39 of 1st period - Shot by Keegan Kanzig.
15:39 of 1st period - Shot Blocked by Aidan Hreschuk.
15:54 of 1st period - Paul Stastny is hit by Aidan Hreschuk and loses puck.
16:00 of 1st period - Paul Stastny is hit by Aidan Hreschuk and loses puck.
17:23 of 1st period - Shot by Andy Andreoff.
17:23 of 1st period - Stopped by Hunter Miska without a rebound.
17:24 of 1st period - Stefan Noesen wins face-off versus Aarne Talvitie in Thunderbirds zone.
17:24 of 1st period - Stefan Noesen is hit by Jackson Blake.
17:36 of 1st period - Shot by C.J. Smith.
17:36 of 1st period - Shot Misses the Net.
17:44 of 1st period - Shot by Paul Stastny.
17:44 of 1st period - Stopped by Jake Kielly without a rebound.
17:45 of 1st period - Noel Acciari wins face-off versus Dylan Peterson in Checkers zone.
17:58 of 1st period - Shot by Alex Belzile.
17:58 of 1st period - Stopped by Jake Kielly without a rebound.
17:59 of 1st period - Vinni Lettieri wins face-off versus C.J. Smith in Checkers zone.
17:59 of 1st period - Vinni Lettieri is hit by Stefan Noesen.
18:08 of 1st period - Off-side.
18:09 of 1st period - Aarne Talvitie wins face-off versus Ryan Lomberg in neutral zone.
18:09 of 1st period - Max Crozier is hit by Ryan Lomberg and loses puck.
18:52 of 1st period - Aarne Talvitie is hit by Ryan Lomberg and loses puck.
19:18 of 1st period - Vinni Lettieri is hit by Aaron Harstad and loses puck.
19:19 of 1st period - Minor Penalty to Alex Peters for High sticking.
19:20 of 1st period - Paul Stastny wins face-off versus Reese Johnson in Thunderbirds zone.
Goals for this period are 0 for Thunderbirds vs 1 for Checkers.
Shots for this period are 8 for Thunderbirds vs 6 for Checkers.

2nd period


0:01 of 2nd period - Vinni Lettieri wins face-off versus Paul Stastny in neutral zone.
0:14 of 2nd period - Keegan Kanzig is hit by Andy Andreoff.
0:22 of 2nd period - Shot by Paul Stastny.
0:22 of 2nd period - Deflect By Stefan Noesen.
0:22 of 2nd period - Shot Blocked by Troy Stecher.
0:25 of 2nd period - Icing by Max Crozier.
0:26 of 2nd period - Paul Stastny wins face-off versus Joshua Ho-Sang in Checkers zone.
0:29 of 2nd period - Shot by Paul Stastny.
0:29 of 2nd period - Stopped by Jake Kielly with a rebound.
0:31 of 2nd period - Shot by Libor Sulak.
0:31 of 2nd period - Stopped by Jake Kielly without a rebound.
0:32 of 2nd period - Paul Stastny wins face-off versus Reese Johnson in Checkers zone.
0:32 of 2nd period - Paul Stastny is hit by Michael Vukojevic.
1:09 of 2nd period - Shot by Reese Johnson.
1:09 of 2nd period - Shot Blocked by Chris Wideman.
1:21 of 2nd period - Shot by Reese Johnson.
1:21 of 2nd period - Stopped by Hunter Miska with a rebound.
1:23 of 2nd period - Shot by Andy Andreoff.
1:23 of 2nd period - Stopped by Hunter Miska without a rebound.
1:24 of 2nd period - Vinni Lettieri wins face-off versus Noel Acciari in Thunderbirds zone.
1:25 of 2nd period - Shot by Joshua Ho-Sang.
1:25 of 2nd period - Shot Blocked by Libor Sulak.
1:36 of 2nd period - Icing by Troy Stecher.
1:37 of 2nd period - Vinni Lettieri wins face-off versus Michael Chaput in Checkers zone.
1:37 of 2nd period - Vinni Lettieri is hit by Logan O'Connor.
1:40 of 2nd period - Joshua Ho-Sang is hit by Nolan Vesey.
1:58 of 2nd period - Shot by Michael Chaput.
1:58 of 2nd period - Stopped by Jake Kielly with a rebound.
2:10 of 2nd period - Shot by Joshua Ho-Sang.
2:10 of 2nd period - Stopped by Hunter Miska without a rebound.
2:11 of 2nd period - C.J. Smith wins face-off versus Reese Johnson in Thunderbirds zone.
2:16 of 2nd period - Shot by Stefan Noesen.
2:16 of 2nd period - Stopped by Jake Kielly with a rebound.
2:25 of 2nd period - Off-side.
2:26 of 2nd period - Noel Acciari wins face-off versus Dylan Peterson in neutral zone.
2:26 of 2nd period - Sergei Boikov is hit by Dylan Peterson and loses puck.
3:06 of 2nd period - Alex Belzile is hit by Michael Vukojevic and loses puck.
3:23 of 2nd period - Michael Vukojevic is hit by Ryan Lomberg and loses puck.
4:11 of 2nd period - Shot by C.J. Smith.
4:11 of 2nd period - Stopped by Jake Kielly without a rebound.
4:12 of 2nd period - Michael Chaput wins face-off versus Reese Johnson in Checkers zone.
4:18 of 2nd period - Shot by Nolan Vesey.
4:18 of 2nd period - Shot Misses the Net.
4:20 of 2nd period - Shot by Aaron Harstad.
4:20 of 2nd period - Stopped by Jake Kielly with a rebound.
4:43 of 2nd period - Icing by Alex Peters.
4:44 of 2nd period - Michael Chaput wins face-off versus Aarne Talvitie in Thunderbirds zone.
4:46 of 2nd period - Icing by Logan O'Connor.
4:47 of 2nd period - Michael Chaput wins face-off versus Aarne Talvitie in Thunderbirds zone.
4:47 of 2nd period - Aaron Harstad is hit by Jackson Blake and loses puck.
5:41 of 2nd period - Andy Andreoff is hit by Stefan Noesen and loses puck.
5:47 of 2nd period - Off-side.
5:48 of 2nd period - Reese Johnson wins face-off versus Noel Acciari in neutral zone.
6:51 of 2nd period - Shot by Andy Andreoff.
6:51 of 2nd period - Goal by Andy Andreoff - Thunderbirds : 0 - Checkers : 2.
6:52 of 2nd period - Paul Stastny wins face-off versus Aarne Talvitie in neutral zone.
6:58 of 2nd period - Minor Penalty to Troy Stecher for Cross-checking.
6:59 of 2nd period - Paul Stastny wins face-off versus Vinni Lettieri in Checkers zone.
7:00 of 2nd period - Shot by C.J. Smith.
7:00 of 2nd period - Stopped by Jake Kielly without a rebound.
7:01 of 2nd period - Vinni Lettieri wins face-off versus Paul Stastny in Checkers zone.
7:36 of 2nd period - Shot by Paul Stastny.
7:36 of 2nd period - Shot Blocked by Vinni Lettieri.
7:38 of 2nd period - Shot by C.J. Smith.
7:38 of 2nd period - Stopped by Jake Kielly with a rebound.
7:57 of 2nd period - Icing by Alex Belzile.
7:58 of 2nd period - Joshua Ho-Sang wins face-off versus Noel Acciari in Thunderbirds zone.
8:05 of 2nd period - Shot by Ryan Lomberg.
8:05 of 2nd period - Shot Misses the Net.
8:24 of 2nd period - Icing by Noel Acciari.
8:25 of 2nd period - Vinni Lettieri wins face-off versus Ryan Lomberg in Thunderbirds zone.
8:26 of 2nd period - Shot by Reese Johnson.
8:26 of 2nd period - Shot Misses the Net.
9:24 of 2nd period - Ludwig Persson is hit by Michael Chaput and loses puck.
10:04 of 2nd period - Shot by Aarne Talvitie.
10:04 of 2nd period - Shot Blocked by Alex Peters.
10:06 of 2nd period - Shot by Jackson Blake.
10:06 of 2nd period - Shot Misses the Net.
10:08 of 2nd period - Shot by Jackson Blake.
10:08 of 2nd period - Stopped by Hunter Miska with a rebound.
10:10 of 2nd period - Shot by Jackson Blake.
10:10 of 2nd period - Shot Misses the Net.
10:19 of 2nd period - Icing by Paul Stastny.
10:20 of 2nd period - Reese Johnson wins face-off versus Paul Stastny in Thunderbirds zone.
10:27 of 2nd period - Shot by Reese Johnson.
10:27 of 2nd period - Deflect By Riley Barber.
10:27 of 2nd period - Shot Misses the Net.
10:29 of 2nd period - Shot by Brett Sutter.
10:29 of 2nd period - Shot Blocked by Alex Peters.
10:50 of 2nd period - Shot by Reese Johnson.
10:50 of 2nd period - Stopped by Hunter Miska without a rebound.
10:51 of 2nd period - Vinni Lettieri wins face-off versus Noel Acciari in Thunderbirds zone.
11:06 of 2nd period - Joshua Ho-Sang is hit by Libor Sulak and loses puck.
11:12 of 2nd period - Icing by Alex Belzile.
11:13 of 2nd period - Aarne Talvitie wins face-off versus Noel Acciari in Thunderbirds zone.
11:14 of 2nd period - Shot by Richards Bukarts.
11:14 of 2nd period - Stopped by Hunter Miska without a rebound.
11:15 of 2nd period - Aarne Talvitie wins face-off versus Michael Chaput in Thunderbirds zone.
12:11 of 2nd period - Shot by Ryan Lomberg.
12:11 of 2nd period - Stopped by Jake Kielly with a rebound.
12:13 of 2nd period - Shot by Alex Belzile.
12:13 of 2nd period - Stopped by Jake Kielly without a rebound.
12:14 of 2nd period - Vinni Lettieri wins face-off versus Paul Stastny in Checkers zone.
12:33 of 2nd period - Shot by Vinni Lettieri.
12:33 of 2nd period - Shot Blocked by Paul Stastny.
12:36 of 2nd period - Icing by Alex Peters.
12:37 of 2nd period - Paul Stastny wins face-off versus Reese Johnson in Thunderbirds zone.
12:44 of 2nd period - Icing by Riley Barber.
12:45 of 2nd period - Noel Acciari wins face-off versus Reese Johnson in Checkers zone.
12:50 of 2nd period - Shot by Alex Belzile.
12:50 of 2nd period - Stopped by Jake Kielly without a rebound.
12:51 of 2nd period - Vinni Lettieri wins face-off versus Ryan Lomberg in Checkers zone.
12:51 of 2nd period - Vinni Lettieri is hit by Ryan Lomberg.
13:50 of 2nd period - Noel Acciari is hit by Reese Johnson and loses puck.
13:59 of 2nd period - Michael Vukojevic is hit by Ryan Lomberg and loses puck.
14:23 of 2nd period - Minor Penalty to Michael Vukojevic for Holding.
14:24 of 2nd period - Paul Stastny wins face-off versus Vinni Lettieri in Checkers zone.
14:25 of 2nd period - Shot by Aaron Harstad.
14:25 of 2nd period - Stopped by Jake Kielly with a rebound.
14:27 of 2nd period - Shot by Alex Peters.
14:27 of 2nd period - Shot Misses the Net.
14:29 of 2nd period - Shot by Alex Peters.
14:29 of 2nd period - Stopped by Jake Kielly with a rebound.
14:31 of 2nd period - Shot by C.J. Smith.
14:31 of 2nd period - Shot Misses the Net.
14:33 of 2nd period - Shot by Paul Stastny.
14:33 of 2nd period - Stopped by Jake Kielly without a rebound.
14:34 of 2nd period - Vinni Lettieri wins face-off versus Paul Stastny in Checkers zone.
15:36 of 2nd period - Icing by Noel Acciari.
15:37 of 2nd period - Vinni Lettieri wins face-off versus Noel Acciari in Thunderbirds zone.
16:18 of 2nd period - Shot by Stefan Noesen.
16:18 of 2nd period - Stopped by Jake Kielly without a rebound.
16:19 of 2nd period - Joshua Ho-Sang wins face-off versus Noel Acciari in Checkers zone.
16:30 of 2nd period - Shot by Troy Stecher.
16:30 of 2nd period - Stopped by Hunter Miska without a rebound.
16:31 of 2nd period - Dylan Peterson wins face-off versus Michael Chaput in Thunderbirds zone.
16:38 of 2nd period - Shot by Petrus Palmu.
16:38 of 2nd period - Stopped by Hunter Miska without a rebound.
16:39 of 2nd period - Michael Chaput wins face-off versus Aarne Talvitie in Thunderbirds zone.
16:53 of 2nd period - Demetrios Koumontzis is hit by Sergei Boikov and loses puck.
17:00 of 2nd period - Shot by Nolan Vesey.
17:00 of 2nd period - Stopped by Jake Kielly with a rebound.
17:47 of 2nd period - Shot by Joshua Ho-Sang.
17:47 of 2nd period - Stopped by Hunter Miska without a rebound.
17:48 of 2nd period - Reese Johnson wins face-off versus Paul Stastny in Thunderbirds zone.
17:48 of 2nd period - Reese Johnson is hit by Chris Wideman.
17:56 of 2nd period - Shot by Brett Sutter.
17:56 of 2nd period - Shot Misses the Net.
18:20 of 2nd period - Riley Barber is hit by Chris Wideman and loses puck.
18:43 of 2nd period - Joshua Ho-Sang is hit by Chris Wideman and loses puck.
18:56 of 2nd period - Shot by Andy Andreoff.
18:56 of 2nd period - Shot Blocked by Chris Wideman.
18:58 of 2nd period - Shot by Vinni Lettieri.
18:58 of 2nd period - Stopped by Hunter Miska without a rebound.
18:59 of 2nd period - Aarne Talvitie wins face-off versus Noel Acciari in Thunderbirds zone.
19:08 of 2nd period - Shot by Ryan Lomberg.
19:08 of 2nd period - Stopped by Jake Kielly with a rebound.
19:14 of 2nd period - Shot by Alex Peters.
19:14 of 2nd period - Shot Misses the Net.
19:16 of 2nd period - Shot by Noel Acciari.
19:16 of 2nd period - Stopped by Jake Kielly with a rebound.
Goals for this period are 0 for Thunderbirds vs 1 for Checkers.
Shots for this period are 18 for Thunderbirds vs 11 for Checkers.

3rd period


0:01 of 3rd period - Paul Stastny wins face-off versus Vinni Lettieri in neutral zone.
0:29 of 3rd period - C.J. Smith is hit by Joshua Ho-Sang and loses puck.
1:10 of 3rd period - Icing by Michael Vukojevic.
1:11 of 3rd period - Reese Johnson wins face-off versus Nolan Vesey in Checkers zone.
1:26 of 3rd period - Shot by Riley Barber.
1:26 of 3rd period - Shot Misses the Net.
1:28 of 3rd period - Shot by Brett Sutter.
1:28 of 3rd period - Shot Blocked by Keegan Kanzig.
1:30 of 3rd period - Shot by Riley Barber.
1:30 of 3rd period - Shot Misses the Net.
1:32 of 3rd period - Shot by Riley Barber.
1:32 of 3rd period - Stopped by Hunter Miska without a rebound.
1:33 of 3rd period - Richards Bukarts wins face-off versus Noel Acciari in Thunderbirds zone.
1:56 of 3rd period - Shot by Alex Belzile.
1:56 of 3rd period - Shot Misses the Net.
1:58 of 3rd period - Shot by Noel Acciari.
1:58 of 3rd period - Shot Misses the Net.
2:13 of 3rd period - Shot by Ryan Lomberg.
2:13 of 3rd period - Shot Blocked by Aidan Hreschuk.
2:42 of 3rd period - Shot by Stefan Noesen.
2:42 of 3rd period - Goal by Stefan Noesen - Thunderbirds : 1 - Checkers : 2.
2:43 of 3rd period - Michael Chaput wins face-off versus Vinni Lettieri in neutral zone.
3:00 of 3rd period - Shot by Andy Andreoff.
3:00 of 3rd period - Shot Misses the Net.
3:14 of 3rd period - Shot by Vinni Lettieri.
3:14 of 3rd period - Shot Misses the Net.
3:16 of 3rd period - Shot by Joshua Ho-Sang.
3:16 of 3rd period - Stopped by Hunter Miska without a rebound.
3:17 of 3rd period - Paul Stastny wins face-off versus Reese Johnson in Thunderbirds zone.
3:17 of 3rd period - Paul Stastny is hit by Reese Johnson.
3:22 of 3rd period - Off-side.
3:23 of 3rd period - Paul Stastny wins face-off versus Reese Johnson in neutral zone.
3:41 of 3rd period - Paul Stastny is hit by Max Crozier and loses puck.
4:02 of 3rd period - Shot by Max Crozier.
4:02 of 3rd period - Shot Blocked by Paul Stastny.
4:07 of 3rd period - Stefan Noesen is hit by Max Crozier and loses puck.
4:44 of 3rd period - Shot by Aaron Harstad.
4:44 of 3rd period - Stopped by Jake Kielly without a rebound.
4:45 of 3rd period - Ludwig Persson wins face-off versus Michael Chaput in Checkers zone.
5:07 of 3rd period - Nolan Vesey is hit by Aidan Hreschuk and loses puck.
5:14 of 3rd period - Shot by Nolan Vesey.
5:14 of 3rd period - Shot Blocked by Petrus Palmu.
5:52 of 3rd period - Shot by Alex Peters.
5:52 of 3rd period - Shot Blocked by Joshua Ho-Sang.
6:16 of 3rd period - Andy Andreoff is hit by Ryan Lomberg and loses puck.
6:23 of 3rd period - Shot by Ryan Lomberg.
6:23 of 3rd period - Shot Misses the Net.
6:25 of 3rd period - Shot by Ryan Lomberg.
6:25 of 3rd period - Shot Misses the Net.
6:27 of 3rd period - Shot by Noel Acciari.
6:27 of 3rd period - Shot Blocked by Jaynen Rissling.
6:35 of 3rd period - Shot by Ryan Lomberg.
6:35 of 3rd period - Shot Misses the Net.
6:37 of 3rd period - Shot by Alex Belzile.
6:37 of 3rd period - Stopped by Jake Kielly with a rebound.
7:07 of 3rd period - Shot by Riley Barber.
7:07 of 3rd period - Stopped by Hunter Miska with a rebound.
7:09 of 3rd period - Shot by Reese Johnson.
7:09 of 3rd period - Shot Misses the Net.
7:11 of 3rd period - Shot by Brett Sutter.
7:11 of 3rd period - Shot Misses the Net.
7:21 of 3rd period - Shot by Brett Sutter.
7:21 of 3rd period - Shot Misses the Net.
7:36 of 3rd period - Shot by Reese Johnson.
7:36 of 3rd period - Shot Blocked by Keegan Kanzig.
7:38 of 3rd period - Shot by Reese Johnson.
7:38 of 3rd period - Shot Misses the Net.
7:53 of 3rd period - Off-side.
7:54 of 3rd period - Michael Chaput wins face-off versus Aarne Talvitie in neutral zone.
7:59 of 3rd period - Shot by Logan O'Connor.
7:59 of 3rd period - Goal by Logan O'Connor - Thunderbirds : 2 - Checkers : 2.
8:00 of 3rd period - Aarne Talvitie wins face-off versus Ryan Lomberg in neutral zone.
8:19 of 3rd period - Shot by Alex Belzile.
8:19 of 3rd period - Stopped by Jake Kielly without a rebound.
8:20 of 3rd period - Michael Chaput wins face-off versus Dylan Peterson in Checkers zone.
8:21 of 3rd period - Shot by Logan O'Connor.
8:21 of 3rd period - Stopped by Jake Kielly without a rebound.
8:22 of 3rd period - Michael Chaput wins face-off versus Reese Johnson in Checkers zone.
8:22 of 3rd period - Michael Chaput is hit by Max Crozier.
8:49 of 3rd period - Icing by Libor Sulak.
8:50 of 3rd period - Aarne Talvitie wins face-off versus Michael Chaput in Thunderbirds zone.
8:51 of 3rd period - Shot by Jackson Blake.
8:51 of 3rd period - Shot Misses the Net.
9:45 of 3rd period - Minor Penalty to Michael Vukojevic for Roughing.
9:46 of 3rd period - Noel Acciari wins face-off versus Vinni Lettieri in Checkers zone.
9:46 of 3rd period - Ryan Lomberg is hit by Troy Stecher and loses puck.
10:18 of 3rd period - Icing by Alex Belzile.
10:19 of 3rd period - Vinni Lettieri wins face-off versus Noel Acciari in Thunderbirds zone.
10:50 of 3rd period - Shot by Paul Stastny.
10:50 of 3rd period - Deflect By C.J. Smith.
10:50 of 3rd period - Stopped by Jake Kielly without a rebound.
10:51 of 3rd period - Paul Stastny wins face-off versus Joshua Ho-Sang in Checkers zone.
11:58 of 3rd period - Shot by Michael Chaput.
11:58 of 3rd period - Stopped by Jake Kielly without a rebound.
11:59 of 3rd period - Aarne Talvitie wins face-off versus Noel Acciari in Checkers zone.
12:26 of 3rd period - Richards Bukarts is hit by Ryan Lomberg.
12:49 of 3rd period - Ludwig Persson is hit by Ryan Lomberg and loses puck.
13:03 of 3rd period - Off-side.
13:04 of 3rd period - Paul Stastny wins face-off versus Joshua Ho-Sang in neutral zone.
13:18 of 3rd period - Vinni Lettieri is hit by Chris Wideman and loses puck.
14:01 of 3rd period - Shot by Riley Barber.
14:01 of 3rd period - Shot Misses the Net.
14:08 of 3rd period - C.J. Smith is hit by Brett Sutter and loses puck.
14:50 of 3rd period - Shot by Petrus Palmu.
14:50 of 3rd period - Shot Blocked by Michael Chaput.
14:52 of 3rd period - Shot by Ludwig Persson.
14:52 of 3rd period - Shot Misses the Net.
14:54 of 3rd period - Shot by Ludwig Persson.
14:54 of 3rd period - Stopped by Hunter Miska with a rebound.
15:25 of 3rd period - Minor Penalty to Ryan Lomberg for Tripping.
15:26 of 3rd period - Vinni Lettieri wins face-off versus Noel Acciari in Thunderbirds zone.
15:41 of 3rd period - Shot by Troy Stecher.
15:41 of 3rd period - Stopped by Hunter Miska with a rebound.
15:43 of 3rd period - Shot by Joshua Ho-Sang.
15:43 of 3rd period - Deflect By Vinni Lettieri.
15:43 of 3rd period - Goal by Vinni Lettieri - Thunderbirds : 2 - Checkers : 3.
15:44 of 3rd period - Stelio Mattheos wins face-off versus Reese Johnson in neutral zone.
15:51 of 3rd period - Shot by Riley Barber.
15:51 of 3rd period - Shot Blocked by Sergei Boikov.
15:53 of 3rd period - Shot by Jaynen Rissling.
15:53 of 3rd period - Shot Misses the Net.
15:55 of 3rd period - Shot by Michael Vukojevic.
15:55 of 3rd period - Shot Misses the Net.
15:57 of 3rd period - Shot by Brett Sutter.
15:57 of 3rd period - Shot Misses the Net.
15:59 of 3rd period - Shot by Jaynen Rissling.
15:59 of 3rd period - Stopped by Hunter Miska without a rebound.
16:00 of 3rd period - Noel Acciari wins face-off versus Vinni Lettieri in Thunderbirds zone.
16:15 of 3rd period - Shot by Alex Belzile.
16:15 of 3rd period - Shot Misses the Net.
16:50 of 3rd period - Shot by Riley Barber.
16:50 of 3rd period - Shot Misses the Net.
16:52 of 3rd period - Shot by Brett Sutter.
16:52 of 3rd period - Shot Blocked by Ryan Lomberg.
17:00 of 3rd period - Shot by Brett Sutter.
17:00 of 3rd period - Stopped by Hunter Miska without a rebound.
17:01 of 3rd period - Paul Stastny wins face-off versus Aarne Talvitie in Thunderbirds zone.
17:01 of 3rd period - Paul Stastny is hit by Aarne Talvitie.
17:14 of 3rd period - Stefan Noesen is hit by Aidan Hreschuk and loses puck.
17:39 of 3rd period - Icing by Demetrios Koumontzis.
17:40 of 3rd period - Michael Chaput wins face-off versus Aarne Talvitie in Checkers zone.
17:41 of 3rd period - Shot by Aaron Harstad.
17:41 of 3rd period - Shot Blocked by Aarne Talvitie.
18:04 of 3rd period - Off-side.
18:05 of 3rd period - Stelio Mattheos wins face-off versus Vinni Lettieri in neutral zone.
18:14 of 3rd period - Shot by Vinni Lettieri.
18:14 of 3rd period - Shot Blocked by Chris Wideman.
19:00 of 3rd period - Thunderbirds, Hunter Miska is pulled from the net.
19:32 of 3rd period - Shot by Reese Johnson.
19:32 of 3rd period - Shot Blocked by Alex Peters.
Goals for this period are 2 for Thunderbirds vs 1 for Checkers.
Shots for this period are 8 for Thunderbirds vs 8 for Checkers.